 Dungeon Crawl Stone Soup version 0.25-a0-504-g768f60da87 (webtiles) character file.

Game seed: 17718281058721882300, levelgen mode: deterministic

178 Eurus the Conjurer (level 5, -3/38 HPs)
             Began as a Mummy Conjurer on Feb 14, 2020.
             Killed from afar by an orc wizard (7 damage)
             ... with a magic dart
             ... on level 3 of the Dungeon.
             The game lasted 00:07:33 (3589 turns).

Eurus the Conjurer (Mummy Conjurer)                 Turns: 3589, Time: 00:07:33

Health: -3/38      AC:  2    Str: 12    XL:     5   Next: 32%
Magic:  2/11       EV: 12    Int: 15    God:
Gold:   51         SH:  0    Dex: 12    Spells: 5/12 levels left

rFire    x . .     SeeInvis .   j - +3 dagger (venom)
rCold    + . .     Gourm    .   (no shield)
rNeg     + + +     Faith    .   a - +0 robe
rPois    ∞         Spirit   .   (no helmet)
rElec    .         Reflect  .   (no cloak)
rCorr    .         Harm     .   (no gloves)
MR       .....                  (no boots)
Stlth    ++........             (no amulet)
HPRegen  0.12/turn              (no ring)
MPRegen  0.12/turn              (no ring)

@: no status effects
A: no food or potions, fire vulnerability, cold resistance 1, negative energy
resistance 3, torment resistance, unbreathing
a: no special abilities


You were on level 3 of the Dungeon.
You were not hungry.

You visited 1 branch of the dungeon, and saw 3 of its levels.

You collected 51 gold pieces.

Inventory:

Hand Weapons
 b - a +0 dagger
 j - a +3 dagger of venom (weapon)
Armour
 a - a +0 robe (worn)
Scrolls
 c - a scroll of blinking {unknown}
 d - 2 scrolls of fear {unknown}
 e - 2 scrolls of identify {unknown}
 f - a scroll of remove curse {unknown}
 g - 2 scrolls of noise {unknown}
 h - a scroll of enchant weapon {unknown}
 i - a scroll of fog {unknown}


   Skills:
 + Level 2.2 Fighting
 - Level 1.5 Dodging
 - Level 1.5 Stealth
 + Level 4.1 Spellcasting
 + Level 4.3 Conjurations
 + Level 1.1 Translocations


You had 5 spell levels left.
You knew the following spells:

 Your Spells              Type           Power        Failure   Level  Hunger
a - Magic Dart            Conj           ###.         3%          1    N/A
b - Searing Ray           Conj           ###...       4%          2    N/A
c - Iskenderun's Mystic   Conj/Tloc      ##......     52%         4    N/A

Your spell library contained the following spells:

 Spells                   Type           Power        Failure   Level  Hunger
 Dazzling Flash           Conj/Hex       #.....       22%         3    N/A
 Fulminant Prism          Conj/Hex       #.........   58%         4    N/A

Dungeon Overview and Level Annotations

Branches:
Dungeon (3/15)

Altars:
Cheibriados
Kikubaaqudgha
Nemelex Xobeh
Okawaru
Ru
Zin

Shops:
D:2 *


Innate Abilities, Weirdness & Mutations

You do not eat or drink.
Your flesh is vulnerable to fire.
You are immune to poison.
Your flesh is cold resistant. (rC+)
You are immune to negative energy. (rN+++)
You are immune to unholy pain and torment.
You can survive without breathing.


Message History

a +3 dagger of venom; a +0 robe; an orc corpse
j - a +3 dagger of venom The orc wizard misses you.
The orc wizard mumbles some strange words.
The orc wizard seems to speed up.
Your +3 dagger of venom begins to drip with poison!
j - a +3 dagger of venom (weapon)
You hit the orc wizard.
The orc wizard is poisoned.
The orc wizard is lightly wounded.
The orc wizard mumbles some strange words.
The orc wizard blinks!
Things that are here:
a +0 robe; an orc corpse You completely miss the orc wizard.
The orc wizard is moderately wounded.
The orc wizard mumbles some strange words.
The orc wizard blinks!
The orc wizard casts a spell at you. The magic dart hits you!
You die...

..#
###.#...†.. #
....
#.####.###.#
#
#.#....#.#>#
# #.#
.......#
#.#####..####
#...........#
###########.#
#######)#
#.o.[@..#
#.####### #.
#. ##


You could see an orc wizard.

Vanquished Creatures
  An orc wizard (D:3)
  4 gnolls (D:3)
  5 adders
  An ooze (D:1)
  A dart slug (D:1)
  3 orcs
  5 bats
  3 giant cockroaches
  7 goblins
  9 hobgoblins
  4 jackals
  4 kobolds
  A quokka (D:2)
  2 frilled lizards (D:2)
  6 rats
56 creatures vanquished.

Notes
Turn   | Place    | Note
-------+----------+-------------------------------------------
     0 | D:1      | Eurus the Mummy Conjurer began the quest for the Orb.
     0 | D:1      | Reached XP level 1. HP: 13/13 MP: 4/4
   363 | D:1      | Reached XP level 2. HP: 20/20 MP: 1/6
   367 | D:1      | Learned a level 2 spell: Searing Ray
   949 | D:1      | Reached skill level 1 in Fighting
  1017 | D:2      | Reached XP level 3. HP: 8/26 MP: 0/7
  1545 | D:2      | Found an iron altar of Okawaru.
  1734 | D:2      | Found Zin's Purification Station.
  1737 | D:2      | Found a glowing silver altar of Zin.
  1978 | D:2      | Found a sacrificial altar of Ru.
  1992 | D:2      | Found a sparkling altar of Nemelex Xobeh.
  2023 | D:2      | Found a snail-covered altar of Cheibriados.
  2037 | D:2      | Found an ancient bone altar of Kikubaaqudgha.
  2121 | D:2      | Reached XP level 4. HP: 23/32 MP: 5/9
  2300 | D:2      | Learned a level 4 spell: Iskenderun's Mystic Blast
  3162 | D:3      | Reached XP level 5. HP: 3/38 MP: 2/11
  3581 | D:3      | Reached skill level 1 in Translocations
  3589 | D:3      | Killed from afar by an orc wizard

Levels and vault maps discovered:
D:1:      minmay_arrival_radiant_lines, layout_basic, minivault_27,
          minmay_misc_feat_rows, hangedman_decor_riveting, minmay_pentomino_z4
D:2:      layout_loops_corners, zin_purify, nicolae_overflow_quartered_altars,
          first_ration, st_stairs_2, dk_noncrumbling_3,
          okawaru_altar_gauntlet_db
D:3:      layout_basic

Skill      XL: |  1  2  3  4  5 |
---------------+----------------+-----
Spellcasting   | 3 4 |  4.1
Fighting       | 1 2 |  2.2
Conjurations   | 4 |  4.3
Translocations | 1 |  1.1
Dodging        | |  1.5
Stealth        | |  1.5

Action                   |  1- 3 |  4- 6 || total
-------------------------+-------+-------++-------
Melee: Dagger            |    16 |    13 ||    29
 Cast: Magic Dart        |    53 |    23 ||    76
       Searing Ray       |     9 |    12 ||    21
 Stab: Sleeping          |     1 |       ||     1
Armor: Robe              |     7 |     3 ||    10
Dodge: Dodged            |    36 |    18 ||    54

Table legend:
 A = Non-vault XP
 B = Vault XP
 C = Vault XP percentage of total XP
 D = Non-vault monster count
 E = Vault monster count
 F = Vault count percentage of total count
                 A         B        C        D         E       F
            +---------+---------+-------+---------+---------+-------
      Total |     236 |      19 |   7.5 |      47 |       9 |  16.1
            +---------+---------+-------+---------+---------+-------
        D:1 |      22 |       4 |  15.4 |      10 |       2 |  16.7
        D:2 |      91 |      15 |  14.2 |      25 |       7 |  21.9
        D:3 |     123 |       0 |   0.0 |      12 |       0 |   0.0
            +---------+---------+-------+---------+---------+-------
